 Dungeon Crawl Stone Soup version 0.30-b1-5-g8e6c1be481 (webtiles) character file.

Game seed: 730110535370646506

5 Esekla the Sneak (level 1, -1/16 HPs)
             Began as an Octopode Delver on May 4, 2023.
             Was an Initiate of Gozag.
             Slain by an adder (2 damage)
             ... on level 2 of the Dungeon.
             The game lasted 00:03:35 (394 turns).

Esekla the Sneak (Octopode Delver)                   Turns: 394, Time: 00:03:36

Health: -1/16      AC:  1    Str: 11    XL:     1   Next: 80%
Magic:  1/1        EV: 13    Int: 12    God:    Gozag
Gold:   58         SH:  0    Dex: 13    Spells: 0/0 levels left

rFire   . . .        a - +0 falchion
rCold   . . .        (no shield)
rNeg    . . .        (helmet restricted)
rPois   .            (no amulet)
rElec   .            (no ring)
rCorr   .            (no ring)
SInv    .            (no ring)
Will    .....        (no ring)
Stlth   ++++         (no ring)
HPRegen 0.22/turn    (no ring)
MPRegen 0.07/turn    (no ring)
                     (no ring)

%: no passive effects
@: lethally poisoned (-1 -> -9)
A: almost no armour, amphibious, 8 rings, camouflage 1, gelatinous body 1,
(nimble swimmer 1), tentacles
a: Renounce Religion, Potion Petition, Call Merchant, Bribe Branch


You were on level 2 of the Dungeon.
You worshipped Gozag.
Gozag was noncommittal.
You visited 2 branches of the dungeon, and saw 5 of its levels.

You collected 90 gold pieces.
You paid 32 gold pieces to Gozag.

Inventory:

Hand Weapons
 a - a +0 falchion (weapon)
Armour
 d - a +0 buckler
Wands
 f - a wand of digging (3)
Scrolls
 b - a scroll of fog
 c - a scroll of butterflies {unknown}
 g - 6 scrolls of identify {unknown}


   Skills:
 * Level 3.0 Fighting
 * Level 2.0 Long Blades
 * Level 2.0 Dodging
 + Level 6.8 Stealth
 * Level 0.2 Spellcasting


You couldn't memorise any spells.
You didn't know any spells.
Your spell library contained the following spells:

 Spells                   Type           Power      Damage    Failure   Level
 Cigotuvi's Dreadful Rot  Necr/Pois/Air  0%         N/A       45%         2
 Ignite Poison            Fire/Tmut/Pois 0%         N/A       69%         3
 Freezing Cloud           Conj/Ice/Air   0%         6-21      100%        5


Dungeon Overview and Level Annotations

Branches:
Dungeon (5/15)             Temple (1/1) D:5

Altars:
Gozag

Annotations:
D:5 Sigmund


Innate Abilities, Weirdness & Mutations

You cannot wear most types of armour.
You are amphibious.
You can wear up to eight rings at the same time.
Your skin changes colour to match your surroundings (Stealth+).
Your rubbery body absorbs attacks. (AC +1, EV +1)
((You are camouflaged when in or above water. (Stealth+)))
You have tentacles for arms and can constrict up to eight enemies at once.


Message History

You barely miss the goblin. Your grab misses the goblin.
The goblin hits you with a +0 club.
You hit the goblin. You grab the goblin.
The goblin is severely wounded.
You constrict the goblin.
You kill the goblin!
You now have 58 gold pieces (gained 6).
Things that are here:
a +0 club; a +0 sling A frilled lizard comes into view.
The frilled lizard hisses angrily.
The frilled lizard is distracted by your dazzling golden aura.
You see here a +0 buckler.
d - a +0 buckler A kobold comes into view.
It is wielding a +0 club.
An adder comes into view.
The helpless adder fails to defend itself.
You hit the adder. Your grab misses the adder. Your squeeze misses the adder.
The adder is lightly wounded.
The adder closely misses you. The adder bites you.
You are poisoned.
The adder poisons you!
You hit the adder but do no damage. Your grab misses the adder.
Your squeeze misses the adder.
The adder is lightly wounded.
You feel sick. The adder misses you. The adder bites you.
You barely miss the adder. Your grab misses the adder.
The adder is lightly wounded.
You feel sick. The adder bites you.
* * * LOW HITPOINT WARNING * * *
You are more poisoned.
The adder poisons you!
You miss the adder. You grab the adder. You squeeze the adder.
The adder is moderately wounded.
You constrict the adder, but do no damage.
* * * LOW HITPOINT WARNING * * *
You feel very sick. The adder completely misses you. The adder bites you.
You die...
Your body crumbles into a pile of gold.

....# ....# ....# ....#
....### ##..K.... #S....#
#####@....# #####.........#
### ...#.####....# #.. #.#.#
##### #.# #...# #.# # ##..#
#.# #. ##...#### #.########
#.###S)#....# ###.#.......
#.....#####.######...#.......


You could see an adder and a kobold (asleep).

Vanquished Creatures
  2 goblins
  A quokka (D:3)
  A frilled lizard (D:3)
  A rat (D:3)
5 creatures vanquished.

Vanquished Creatures (others)
  A withered plant (D:3)
1 creature vanquished.

Grand Total: 6 creatures vanquished

Notes
Turn   | Place    | Note
-------+----------+-------------------------------------------
     0 | D:5      | Esekla the Octopode Delver began the quest for the Orb.
     0 | D:5      | Reached XP level 1. HP: 16/16 MP: 1/1
    15 | D:5      | Noticed a lemure
    16 | D:5      | Noticed a lemure
    31 | D:5      | Noticed an orc priest
    43 | D:5      | Noticed a lemure
    44 | D:5      | Noticed a lemure
    52 | D:5      | Noticed an iguana
    56 | D:5      | Noticed Sigmund
    79 | D:5      | Noticed a scorpion
    82 | D:5      | Found a staircase to the Ecumenical Temple.
    88 | Temple   | Entered the Ecumenical Temple
   102 | Temple   | Became a worshipper of Gozag Ym Sagoz the Greedy
   116 | D:5      | Noticed a scorpion
   394 | D:2      | Slain by an adder

Illustrated notes

Levels and vault maps discovered:
D:2:      layout_rooms, serial_shops, nicolae_shop_industrial_runoff,
          uniq_crazy_yiuf_cottage, uniq_jessica
D:3:      minmay_bubble_buster, layout_loops_cross, serial_undead,
          serial_undead_a, serial_undead_e, serial_undead_f, serial_undead_c
D:4:      layout_loops_ring, fedhas_altar_2
D:5:      layout_basic, nemelex_dance_club_becter, minmay_temple_entry_arrows,
          corexii_item_surrounded_by_moat, uniq_pikel, uniq_ijyb, uniq_sigmund
Temple:   nicolae_temple_slightly_damp_pantheon

Action                     || total
---------------------------++-------
  Melee: Falchion          ||    10
         Constrict         ||     3
         Tentacles         ||     2
    Use: Scroll            ||     2
         Potion            ||     1
   Stab: Sleeping          ||     3
  Dodge: Dodged            ||     7
